 Dungeon Crawl Stone Soup version 0.18-a0-24-g6e14259 (webtiles) character file.

35530 Duffy the Fencer (level 14, 106/106 HPs)
             Began as a Formicid Artificer on Nov 3, 2015.
             Was the Champion of Makhleb.
             Quit the game on level 4 of the Orcish Mines.
             The game lasted 00:36:29 (21959 turns).

Duffy the Fencer (Formicid Artificer)              Turns: 21959, Time: 00:36:30

Health: 106/106    AC: 24    Str: 16    XL:     14   Next: 19%
Magic:  20/20      EV: 14    Int: 13    God:    Makhleb [******]
Gold:   1985       SH: 11    Dex: 15    Spells: 1 memorised, 11 levels left

rFire  . . .     SeeInvis +     p - +4 triple sword (holy)
rCold  . . .     Clarity  +     V - +7 chain mail of Reunlof {rN+}
rNeg   + . .     SustAt   .     H - +0 shield
rPois  .         Gourm    .     (helmet unavailable)
rElec  .         Spirit   .     Q - +0 cloak
rCorr  .         Warding  .     Y - +1 pair of gloves
rMut   .         Stasis   +     b - +2 pair of boots
MR     ++...                    n - amulet of clarity
Stlth  ..........               D - +5 ring of evasion
                                T - ring of protection from magic

@: very resistant to hostile enchantments, extremely unstealthy
A: permanent stasis, dig shafts and tunnels, four strong arms, antennae 3
a: Dig, Shaft Self, Minor Destruction, Lesser Servant of Makhleb, Major
Destruction, Greater Servant of Makhleb, Renounce Religion


You were on level 4 of the Orcish Mines.
You worshipped Makhleb.
Makhleb was exalted by your worship.
You were not hungry.

You visited 4 branches of the dungeon, and saw 19 of its levels.
You also visited: Ossuary.

You collected 2065 gold pieces.
You spent 80 gold pieces at shops.


Innate Abilities, Weirdness & Mutations

You are under a permanent stasis effect.
You can dig through walls and to a lower floor.
Your four strong arms can wield two-handed weapons with a shield.
You have a pair of large antennae on your head (SInv).


   Skills:
 - Level 8.6 Fighting
 - Level 1.0(10.9) Short Blades
 + Level 16.1 Long Blades
 - Level 7.3 Armour
 - Level 4.3 Dodging
 - Level 1.2 Stealth
 - Level 9.0 Shields
 - Level 7.0 Invocations
 - Level 8.2 Evocations


You had 11 spell levels left.
You knew the following spells:

 Your Spells              Type           Power        Failure   Level  Hunger
a - Swiftness             Chrm/Air       #.......     100%        2    ###....

Inventory:

Hand Weapons
 p - a +4 triple sword of holy wrath (weapon)
 X - a +2 dagger of electrocution
 Z - a +0 blowgun
Missiles
 a - 7 curare-tipped needles
 k - 512 stones
 t - 48 poisoned needles
 w - a throwing net (quivered)
Armour
 b - a +2 pair of boots (worn)
 H - a +0 shield (worn)
 Q - a +0 cloak (worn)
 V - the +7 chain mail of Reunlof (worn) {rN+}

   It protects you from negative energy.
 Y - a +1 pair of gloves (worn)
Jewellery
 n - an amulet of clarity (around neck)
 v - an uncursed ring of protection from cold
 y - the ring of Winter {rF+ MR+ Str+6 Slay-4}

   [ring of protection from magic]

   It affects your strength (+6).
   It affects your accuracy and damage with ranged weapons and melee attacks
   (-4).
   It protects you from fire.
   It affects your resistance to hostile enchantments.
 D - a +5 ring of evasion (right hand)
 T - a ring of protection from magic (left hand)
 W - an uncursed ring of positive energy
Wands
 c - a wand of flame (8)
 d - a wand of enslavement (24)
 e - a wand of cold (10)
 l - a wand of invisibility (3)
 J - a wand of lightning (5)
 R - a wand of disintegration (6)
 S - a wand of digging (9)
Scrolls
 g - 8 scrolls of recharging
 q - 2 scrolls of magic mapping
 r - a scroll of fog
 s - a scroll of silence
 x - a scroll of enchant armour
 A - 5 scrolls of remove curse
Potions
 h - 2 potions of ambrosia
 m - a potion of haste {unknown}
 u - 7 potions of brilliance
 z - 2 potions of might {unknown}
 B - a potion of cancellation {unknown}
 E - 4 potions of heal wounds
 I - 6 potions of curing
 M - a potion of degeneration {unknown}
 N - a potion of magic {unknown}
 O - 2 potions of flight
 P - a potion of beneficial mutation {unknown}
Miscellaneous
 j - a fan of gales
Comestibles
 f - 3 bread rations
 i - 7 meat rations
 o - a royal jelly
 C - 3 chunks of flesh
 K - 9 slices of pizza
 U - 2 beef jerkies

Dungeon Overview and Level Annotations

Branches:
Dungeon (10/15)            Temple (1/1) D:7            Lair (4/8) D:8
  Swamp (0/4) Lair:4       Spider (0/4) Lair:3          Orc (4/4) D:10
    Elf (0/3) Orc:3

Altars:
Ashenzari
Cheibriados
Dithmenos
Elyvilon
Fedhas
Gozag
Kikubaaqudgha
Makhleb
Nemelex Xobeh
Okawaru
Qazlal
Ru
Sif Muna
Trog
Vehumet
Xom
Yredelemnul
Zin
The Shining One
Beogh

Shops:
D:6 }   Orc:4 [[


Message History

You swing at nothing.
You swing at nothing.
You swing at nothing.
Items here: ))))))) [[[[[[[ ††††††
There is an open door here.
There is a fountain of blood here.
y - a twitching copper ring Put on which piece of jewellery? (? for menu, Esc to quit)
You're wearing all the rings you can.
Remove which one? (? for menu, Esc to cancel) < or
T - a ring of protection from magic > or
D - a +5 ring of evasion You remove your ring of protection from magic.
You feel stronger.
y - the ring of Winter (left hand) {rF+ MR+ Str+6 Slay-4}
There is a fountain of blood here.
There is an open door here.
Put on which piece of jewellery? (? for menu, Esc to quit)
You're wearing all the rings you can.
Remove which one? (? for menu, Esc to cancel) < or
y - the ring of Winter {rF+ MR+ Str+6 Slay-4} > or
D - a +5 ring of evasion You remove the ring of Winter {rF+ MR+ Str+6 Slay-4}.
T - a ring of protection from magic (left hand)
Items here: ))))))) [[[[[[[ †††††† Butcher an orc corpse? [(y)es/(c)hop/(n)o/(a)ll/(q)uit/?]
Butcher an orc corpse? [(y)es/(c)hop/(n)o/(a)ll/(q)uit/?]
Okay, then.
You butcher the orc corpse.
C - 4 chunks of flesh
Items here: ))))))) [[[[[[[ ††††† You are feeling very hungry.
Eating one of 4 chunks of flesh.
This raw flesh tastes terrible.
You continue eating. x2
Are you sure you want to abandon this character and quit the game? (Confirm with "yes".)

..# ##.....##
.##### #...⌠...#
.# #.## ##.....##
## ##.# ###.### #
##..#### #'#
###......####.##
##...####..###.##
.#..##
#...#....## ...##
#......##@# ...#
##....##.## ...#
#....##### ....
#..### { ....#
#...# ...........
##.......#
#.....## ###...


There were no monsters in sight!

Action                   |  1- 3 |  4- 6 |  7- 9 | 10-12 | 13-15 || total
-------------------------+-------+-------+-------+-------+-------++-------
Melee: Short sword       |    29 |       |       |       |       ||    29
       Dagger            |    97 |   163 |   923 |    83 |    18 ||  1284
       Scimitar          |       |       |       |   978 |    76 ||  1054
       Triple sword      |       |       |       |       |   509 ||   509
       Great sword       |       |       |       |       |   250 ||   250
 Fire: Blowgun           |       |       |       |       |     8 ||     8
Throw: Throwing net      |       |       |     5 |     1 |     1 ||     7
 Abil: Dig               |     1 |     1 |     8 |    18 |    13 ||    41
Evoke: Wand              |       |       |     7 |     4 |       ||    11
  Use: Scroll            |       |       |     7 |    12 |     5 ||    24
       Potion            |       |       |       |     3 |     3 ||     6
 Stab: Sleeping          |     1 |       |       |       |       ||     1
       Invisible         |       |       |       |     7 |       ||     7
       Distracted        |       |       |       |     1 |       ||     1
  Eat: Chunk             |     2 |     6 |    15 |    21 |    20 ||    64
       Fruit             |       |       |     5 |       |       ||     5
       Bread ration      |       |       |       |     4 |       ||     4
       Beef jerky        |       |       |       |     4 |       ||     4

Notes
Turn   | Place    | Note
--------------------------------------------------------------
     0 | D:1      | Duffy the Formicid Artificer began the quest for the Orb.
     0 | D:1      | Reached XP level 1. HP: 15/15 MP: 3/3
     2 | D:1      | Noticed a ghoul
     2 | D:1      | Noticed an elf
     4 | D:1      | Noticed a spriggan
     4 | D:1      | Noticed a vampire
     6 | D:1      | Noticed a merfolk
     6 | D:1      | Noticed a gargoyle
     8 | D:1      | Noticed a troll
     8 | D:1      | Noticed a demigod
    10 | D:1      | Noticed an octopode
    10 | D:1      | Noticed a human
    12 | D:1      | Noticed a centaur
    12 | D:1      | Noticed a minotaur
    14 | D:1      | Noticed a tengu
    16 | D:1      | Noticed a naga
    16 | D:1      | Noticed a felid
    18 | D:1      | Noticed a formicid
    18 | D:1      | Noticed a vine stalker
    20 | D:1      | Noticed an ogre
    22 | D:1      | Noticed a draconian
    26 | D:1      | Noticed a dwarf
    26 | D:1      | Noticed a demonspawn
   204 | D:1      | Reached skill level 2 in Fighting
   204 | D:1      | Reached XP level 2. HP: 6/22 MP: 4/4
   893 | D:1      | Reached skill level 3 in Fighting
   893 | D:1      | Reached XP level 3. HP: 20/29 MP: 5/5
  1127 | D:2      | Found an iron altar of Okawaru.
  1517 | D:2      | Noticed Robin
  1551 | D:2      | Reached XP level 4. HP: 37/37 MP: 6/6
  1570 | D:2      | Killed Robin
  1570 | D:2      | Reached skill level 4 in Fighting
  2229 | D:3      | Reached skill level 1 in Armour
  2445 | D:3      | Reached XP level 5. HP: 43/43 MP: 7/7
  2777 | D:3      | Found a glowing silver altar of Zin.
  2777 | D:3      | Found a sacrificial altar of Ru.
  3036 | D:4      | Reached skill level 5 in Fighting
  3036 | D:4      | Reached skill level 2 in Armour
  3113 | D:4      | Reached XP level 6. HP: 31/51 MP: 8/8
  3333 | D:4      | Noticed a hippogriff
  3356 | D:3      | Killed a hippogriff
  3356 | D:3      | Reached skill level 3 in Armour
  3462 | D:4      | Reached skill level 6 in Fighting
  3462 | D:4      | Reached skill level 4 in Armour
  3462 | D:4      | Reached XP level 7. HP: 32/58 MP: 9/9
  4505 | D:5      | Entered Level 5 of the Dungeon
  4640 | D:5      | Reached skill level 5 in Armour
  5067 | D:5      | Found a radiant altar of Vehumet.
  5128 | D:5      | Reached skill level 7 in Fighting
  5274 | D:6      | Reached skill level 1 in Shields
  5274 | D:6      | Reached XP level 8. HP: 67/67 MP: 10/10
  5277 | D:6      | Reached skill level 2 in Shields
  5283 | D:6      | Reached skill level 3 in Shields
  5303 | D:6      | Found a sand-covered staircase.
  5311 | Ossuary  | Entered an ossuary
  5384 | Ossuary  | Reached skill level 4 in Shields
  5696 | Ossuary  | Reached skill level 5 in Shields
  5905 | Ossuary  | Reached skill level 6 in Shields
  6392 | D:6      | Found a deep blue altar of Sif Muna.
  6410 | D:6      | Reached skill level 7 in Shields
  6490 | D:6      | Noticed Grinder
  6530 | D:6      | Killed Grinder
  6530 | D:6      | Reached skill level 8 in Shields
  6530 | D:6      | Reached XP level 9. HP: 55/72 MP: 11/11
  6641 | D:6      | Found Jithrown's Gadget Emporium.
  6649 | D:6      | Bought a wand of invisibility (4) for 80 gold pieces
  7014 | D:6      | Reached skill level 9 in Shields
  7054 | D:6      | Reached skill level 4 in Evocations
  7465 | D:7      | Reached skill level 5 in Evocations
  7697 | D:7      | Found a staircase to the Ecumenical Temple.
  7716 | Temple   | Entered the Ecumenical Temple
  7720 | Temple   | Became a worshipper of Makhleb the Destroyer
  7834 | D:7      | Found a shattered altar of Ashenzari.
  7849 | D:7      | Reached skill level 6 in Evocations
  8155 | D:7      | Found a blossoming altar of Fedhas.
  8409 | D:7      | Reached skill level 7 in Evocations
  8634 | D:8      | Got a warped jade ring
  8678 | D:8      | Reached * piety under Makhleb
  8750 | D:7      | Reached skill level 8 in Evocations
  8750 | D:7      | Reached XP level 10. HP: 38/79 MP: 14/16
  9136 | D:8      | Reached skill level 1 in Long Blades
  9173 | D:8      | Reached skill level 2 in Long Blades
  9350 | D:8      | Reached skill level 3 in Long Blades
  9562 | D:8      | Reached skill level 4 in Long Blades
  9689 | D:8      | Reached skill level 5 in Long Blades
  9790 | D:8      | Found a staircase to the Lair.
  9946 | D:8      | Noticed Psyche
  9980 | D:8      | Killed Psyche
  9980 | D:8      | Reached skill level 6 in Long Blades
 10031 | D:8      | Reached ** piety under Makhleb
 10052 | D:8      | Found an ancient bone altar of Kikubaaqudgha.
 10322 | D:9      | Reached skill level 7 in Long Blades
 10457 | D:9      | Reached *** piety under Makhleb
 10801 | D:9      | Reached skill level 8 in Long Blades
 11370 | D:10     | Entered Level 10 of the Dungeon
 11370 | D:10     | Noticed Urug
 11396 | D:9      | Killed Urug
 11396 | D:9      | Reached skill level 9 in Long Blades
 11396 | D:9      | Reached XP level 11. HP: 5/84 MP: 17/17
 11723 | D:10     | Noticed an unseen horror
 11817 | D:10     | Killed an unseen horror
 11817 | D:10     | Reached skill level 10 in Long Blades
 11912 | D:10     | Noticed Sonja
 11915 | D:10     | Killed Sonja
 12126 | D:10     | Found a staircase to the Orcish Mines.
 12161 | D:10     | Found a roughly hewn altar of Beogh.
 12161 | D:10     | Noticed an unseen horror
 12214 | D:10     | Reached **** piety under Makhleb
 12466 | D:10     | Killed an unseen horror
 12466 | D:10     | Reached skill level 11 in Long Blades
 12741 | Lair:1   | Entered Level 1 of the Lair of Beasts
 12906 | Lair:1   | Reached skill level 1 in Invocations
 13023 | Lair:1   | Got a steaming chain mail
 13227 | Lair:1   | Identified the ring of Untruth {Ice MP+9} (You found it on level 8 of the Dungeon)
 13260 | Lair:1   | Noticed an eight-headed hydra
 13307 | Lair:2   | Reached skill level 2 in Invocations
 13565 | Lair:1   | Reached skill level 3 in Invocations
 13748 | Lair:1   | Identified the +7 chain mail of Reunlof {rN+} (You found it on level 1 of the Lair of Beasts)
 13825 | Lair:1   | Reached XP level 12. HP: 81/91 MP: 18/18
 13879 | Lair:1   | Reached skill level 4 in Invocations
 14190 | Lair:1   | Killed an eight-headed hydra
 14190 | Lair:1   | Reached skill level 12 in Long Blades
 14190 | Lair:1   | Reached skill level 5 in Invocations
 14803 | Lair:2   | Reached skill level 6 in Invocations
 15005 | Lair:2   | Reached ***** piety under Makhleb
 15055 | Lair:2   | Reached skill level 7 in Invocations
 15572 | Lair:3   | Reached skill level 13 in Long Blades
 15925 | Lair:3   | Noticed a six-headed hydra
 15953 | Lair:3   | Killed a six-headed hydra
 16495 | Lair:3   | Found a hole to the Spider Nest.
 16845 | Lair:4   | Learned a level 2 spell: Swiftness
 16959 | Lair:4   | Reached skill level 14 in Long Blades
 16959 | Lair:4   | Reached XP level 13. HP: 96/96 MP: 19/19
 16981 | Lair:4   | Reached skill level 2 in Dodging
 17004 | Lair:4   | Reached skill level 6 in Armour
 17048 | Lair:4   | Found a staircase to the Swamp.
 17828 | Orc:1    | Entered Level 1 of the Orcish Mines
 18096 | Orc:1    | Reached ****** piety under Makhleb
 18110 | Orc:1    | Reached skill level 3 in Dodging
 18354 | Orc:1    | Reached skill level 8 in Fighting
 18574 | Orc:2    | Noticed Rupert
 18634 | Orc:2    | Killed Rupert
 18634 | Orc:2    | Reached skill level 7 in Armour
 18634 | Orc:2    | Reached skill level 4 in Dodging
 19246 | Orc:4    | Entered Level 4 of the Orcish Mines
 19246 | Orc:4    | Noticed Maud
 19264 | Orc:4    | Killed Maud
 19377 | Orc:3    | Found a staircase to the Elven Halls.
 19653 | Orc:4    | Found Bera's Armour Boutique.
 19785 | Orc:4    | Found Ara Uqel's Antique Armour Shop.
 19802 | Orc:4    | Reached skill level 15 in Long Blades
 19992 | Orc:4    | Found a roughly hewn altar of Beogh.
 20945 | Orc:2    | Reached XP level 14. HP: 11/106 MP: 20/20
 21304 | Orc:2    | Noticed Nergalle
 21315 | Orc:2    | Killed Nergalle
 21322 | Orc:2    | Noticed Josephine
 21332 | Orc:2    | Killed Josephine
 21434 | Orc:2    | Noticed Blork the orc
 21440 | Orc:2    | Killed Blork the orc
 21903 | Orc:4    | Reached skill level 16 in Long Blades
 21939 | Orc:4    | Got a twitching copper ring
 21941 | Orc:4    | Identified the ring of Winter {rF+ MR+ Str+6 Slay-4} (You found it on level 4 of the Orcish Mines)
 21959 | Orc:4    | Quit the game

Vault maps used:
D:1:      kb_arrival_jail, dk_noncrumbling_3
D:2:      nicolae_overflow_crystal_walls, uniq_robin
D:3:      gammafunk_temple_overflow_pools, serial_co_window_serial,
          co_window_paths_b, co_window_paths_a, co_window_corner_a,
          co_window_of_opportunity_a, co_window_corner_a,
          co_window_of_opportunity_b, co_window_unsneaky_path_d,
          co_window_of_opportunity_c, glass_columns_b, glass_columns_a,
          first_bread
D:5:      vehumet_crystals
D:6:      lemuel_blue_sif_altar, nicolae_ossuary_entry_false_entrances,
          serial_shops, nicolae_shop_crystal, uniq_grinder
D:7:      lemuel_ice_spiral_2, cheibrodos_ashenzari_chains,
          minmay_temple_entry_nine_rooms, fedhas_altar_2
D:8:      lemuel_zombie_altar_kikubaaqudgha, lair_0_dummy, uniq_psyche
D:9:      special_room, grunt_livestock
D:10:     minmay_orc_entry_temple_small, uniq_sonja, uniq_urug
Temple:   minmay_freezing_vapour_temple_12
Lair:2:   columned_hall_lemuel
Lair:3:   nicolae_spider_entry_tight_spaces, minivault_11
Lair:4:   swamp_mist, nicolae_quartered_pool_medium, roderic_lost_polar_bear
Orc:2:    sword_in_stone, uniq_rupert, uniq_nergalle, uniq_josephine
Orc:3:    nicolae_orc_pool_cavern
Orc:4:    pubby_orc_utopia, uniq_maud
Ossuary:  ossuary_tomb_2

Vanquished Creatures
  Rupert Maud Josephine
  2 hydras Urug Sonja Nergalle
  2 unseen horrors
  7 orc knights
  3 orc sorcerers Psyche
  6 spiny frogs
  2 black mambas
  A komodo dragon
  2 fire drakes
  A polar bear
  A two-headed ogre
  4 trolls Grinder
  3 blink frogs
  A deep elf mage
  3 wraiths
  2 basilisks
  A hog
  7 hippogriffs
  13 yaks
  A human
  A wyvern
  4 wargs
  A hungry ghost
  9 water moccasins
  4 wolves
  An ice beast
  31 orc warriors
  2 phantoms
  17 ogres
  4 porcupines
  10 spiders
  2 crocodiles
  A necrophage
  A centaur
  A big kobold
  13 giant frogs Blork the orc
  4 water moccasin zombies
  2 scorpions
  A water moccasin skeleton
  11 killer bees
  8 wights
  5 crimson imps
  A giant frog zombie
  A gnoll shaman
  A jelly
  4 giant frog skeletons
  4 hounds
  23 orc priests
  2 centaur skeletons
  29 orc wizards
  7 worker ants
  3 iguanas
  3 sheep
  A killer bee zombie
  6 big kobold zombies
  A hound skeleton
  2 mummies Robin
  27 river rats
  9 gnolls
  10 adders
  A shadow imp
  2 adder skeletons
  3 adder zombies
  An ooze
  A worm
  8 giant geckos
  217 orcs
  10 bats
  A bat zombie
  6 giant cockroaches
  7 gnoll zombies
  10 goblins
  11 hobgoblins
  8 jackals
  11 kobolds
  8 quokkas
  A giant gecko zombie
  4 giant newts
  2 hobgoblin zombies
  3 jackal zombies
  2 kobold zombies
  5 orc zombies
  5 quokka skeletons
  7 rats
  A fungus
  A plant
675 creatures vanquished.
